 Dungeon Crawl Stone Soup version 0.24.0-123-gd5b16e6ec5 (webtiles) character file.

Game seed: 2675046854056947947, levelgen mode: deterministic

529 Bluestream the Skirmisher (level 7, -4/66 HPs)
             Began as a Minotaur Fighter on Feb 4, 2020.
             Slain by an ogre
             ... wielding a +0 giant club
              (19 damage)
             ... on level 4 of the Dungeon.
             The game lasted 00:05:40 (2940 turns).

Bluestream the Skirmisher (Minotaur Fighter)        Turns: 2940, Time: 00:05:41

Health: -4/66      AC:  9    Str: 23    XL:     7   Next: 3%
Magic:  6/6        EV:  7    Int:  5    God:
Gold:   117        SH:  9    Dex:  9    Spells: 6/6 levels left

rFire    . . .     SeeInvis .   a - +0 flail
rCold    . . .     Gourm    .   c - +0 shield
rNeg     . . .     Faith    .   b - +0 scale mail
rPois    .         Spirit   .   (helmet restricted)
rElec    .         Reflect  .   i - +0 cloak
rCorr    .         Harm     .   (no gloves)
MR       .....                  (no boots)
Stlth    ..........             (no amulet)
HPRegen  0.21/turn              s - +1 ring of protection
MPRegen  0.10/turn              (no ring)

@: lightly drained
A: retaliatory headbutt, horns 2
a: no special abilities


You were on level 4 of the Dungeon.
You were not hungry.

You visited 1 branch of the dungeon, and saw 4 of its levels.
You also visited: Sewer.

You collected 117 gold pieces.

Inventory:

Hand Weapons
 a - a +0 flail (weapon)
Armour
 b - a +0 scale mail (worn)
 c - a +0 shield (worn)
 i - a +0 cloak (worn)
 x - the cursed +0 leather armour "Jamen" {+Fly rElec, unknown}
   (You found it on level 4 of the Dungeon)

   It insulates you from electricity.
   It lets you fly.
   It has a curse placed upon it.
Jewellery
 s - a +1 ring of protection (left hand)
 w - an uncursed ring of protection from magic {unknown}
Wands
 r - a wand of flame (11)
Scrolls
 e - a scroll of enchant armour {unknown}
 g - a scroll of random uselessness {unknown}
 h - 3 scrolls of identify {unknown}
 j - a scroll of blinking {unknown}
 k - a scroll of immolation {unknown}
 l - a scroll of amnesia {unknown}
 n - 3 scrolls of fog {unknown}
 p - 3 scrolls of teleportation {unknown}
 q - 3 scrolls of noise {unknown}
Potions
 d - 4 potions of might
 m - a potion of resistance {unknown}
 o - 5 potions of curing
 t - 4 potions of agility {unknown}
 u - 3 potions of heal wounds {unknown}
 v - a potion of degeneration {unknown}
Comestibles
 f - 7 rations


   Skills:
 + Level 7.3(7.0) Fighting
 + Level 6.7(6.4) Maces & Flails
 - Level 3.6(3.3) Armour
 - Level 3.6(3.3) Shields


You had 6 spell levels left.
You didn't know any spells.
Your spell library was empty.

Dungeon Overview and Level Annotations

Branches:
Dungeon (4/15)              Sewer (visited)
 Temple: D:4-7

Altars:
Gozag
Kikubaaqudgha


Innate Abilities, Weirdness & Mutations

You reflexively headbutt those who attack you in melee.
You have a pair of horns on your head.


Message History

You sock the ogre! You headbutt the ogre!
The ogre is almost dead.
You block the howler monkey's attack.
The orc wizard gestures wildly while chanting.
The orc wizard blinks!
The ogre hits you with a +0 giant club.
* * * LOW HITPOINT WARNING * * *
You block the worker ant's attack. The howler monkey closely misses you.
Your shield and scale mail prevent you from hitting the ogre.
The ogre is almost dead.
You block the worker ant's attack. You block the ogre's attack.
The howler monkey hits you.
* * * LOW HITPOINT WARNING * * *
The worker ant bites you.
* * * LOW HITPOINT WARNING * * *
You are poisoned.
The worker ant poisons you!
You feel better. The howler monkey closely misses you. You furiously retaliate!
You headbutt the howler monkey.
The ogre hits you with a +0 giant club!!
You die...

#.#
#..........
#.##
#######.##.
#..# .#
......#.## #
#######..#
######.#
#......#
#.....O##
#....lh@#
#.....#a#
#?....#oS#
#?..hh##Z#
#....o# ยง.
#....O.....
#..........#
#..........#
#.....####.#


You could see an ogre, a howler monkey, a worker ant, an orc priest, an adder, a
leopard gecko and a hound skeleton.

Vanquished Creatures
  The ghost of nodrog the Insei, an amateur MfTm (D:3)
  2 scorpions (D:4)
  A howler monkey (D:4)
  A hound (D:3)
  An orc priest (D:4)
  Robin (D:2)
  5 adders
  7 river rats
  An adder skeleton (D:4)
  A worm (D:3)
  2 dart slugs
  3 leopard geckos
  2 orcs (D:3)
  12 ball pythons
  7 bats
  3 giant cockroaches
  14 goblins
  12 hobgoblins
  9 jackals
  22 kobolds
  A frilled lizard (D:3)
  36 rats
144 creatures vanquished.

Vanquished Creatures (others)
  A human (D:3)
1 creature vanquished.

Grand Total: 145 creatures vanquished

Notes
Turn   | Place    | Note
-------+----------+-------------------------------------------
     0 | D:1      | Bluestream the Minotaur Fighter began the quest for the
                  | Orb.
     0 | D:1      | Reached XP level 1. HP: 19/19 MP: 0/0
    72 | D:1      | Reached skill level 4 in Fighting
    93 | D:1      | Reached XP level 2. HP: 26/27 MP: 1/1
   448 | D:2      | Reached XP level 3. HP: 34/34 MP: 2/2
   481 | D:2      | Found an opulent altar of Gozag.
   585 | D:2      | Noticed Robin
   593 | D:2      | Killed Robin
   672 | D:2      | Reached XP level 4. HP: 37/41 MP: 3/3
   705 | D:2      | Reached skill level 5 in Fighting
   896 | D:3      | Found an ancient bone altar of Kikubaaqudgha.
   904 | D:3      | Noticed a human
   905 | D:3      | Killed a human
  1088 | D:3      | Found a glowing drain.
  1096 | Sewer    | Entered a sewer
  1629 | Sewer    | Reached XP level 5. HP: 47/48 MP: 4/4
  1777 | Sewer    | Reached skill level 5 in Maces & Flails
  2123 | D:3      | Reached skill level 6 in Fighting
  2276 | D:3      | Found a runed translucent gate.
  2276 | D:3      | Found a runed translucent gate.
  2276 | D:3      | Found a runed translucent gate.
  2282 | D:3      | Noticed nodrog's ghost (amateur MfTm)
  2383 | D:3      | Killed nodrog's ghost
  2383 | D:3      | Reached XP level 6. HP: 25/58 MP: 5/5
  2699 | D:4      | Got a shimmering leather armour
  2757 | D:4      | Reached skill level 7 in Fighting
  2933 | D:4      | Reached XP level 7. HP: 10/66 MP: 6/6
  2940 | D:4      | Slain by an ogre

Levels and vault maps discovered:
D:1:      lemuel_arrival_hallway, layout_basic, minmay_crystal_water
D:2:      layout_rooms, nicolae_gozag_seed_capital, uniq_robin
D:3:      layout_basic, ebering_ghost_rock_garden, portal_sewer_entry_e,
          tgw_kikubaaqudgha
D:4:      layout_basic, kennysheep_little_box, first_ration

Skill      XL: |  1  2  3  4  5  6 |
---------------+-------------------+-----
Fighting       | 4 5 6 7 |  7.3
Maces & Flails | 3 4 5 6 |  6.7
Armour         | |  3.6
Shields        | |  3.6

Action                   |  1- 3 |  4- 6 |  7- 9 || total
-------------------------+-------+-------+-------++-------
Melee: Flail             |    79 |   247 |     5 ||   331
       Headbutt          |    11 |    35 |     1 ||    47
  Use: Potion            |       |       |     2 ||     2
  Eat: Chunk             |       |     7 |       ||     7
Armor: Scale mail        |    48 |   113 |     3 ||   164
Dodge: Dodged            |    29 |    92 |     7 ||   128
Block: Shield            |    37 |   182 |    11 ||   230
